 Dungeon Crawl Stone Soup version 0.30-a0-339-g89bb51ec76 (webtiles) character file.

Game seed: 11695718627621257705

848 p00ps00p the Fighter (level 8, -3/82 HPs)
             Began as a Hill Orc Fighter on Oct 31, 2022.
             Was an Initiate of Gozag.
             Slain by an ogre
             ... wielding a +0 giant spiked club
              (32 damage)
             ... on level 5 of the Dungeon.
             The game lasted 00:09:59 (4061 turns).

p00ps00p the Fighter (Hill Orc Fighter)             Turns: 4061, Time: 00:09:59

Health: -3/82      AC: 10    Str: 19    XL:     8   Next: 1%
Magic:  8/8        EV: 13    Int:  8    God:    Gozag
Gold:   215        SH:  4    Dex: 12    Spells: 7/7 levels left

rFire   . . .      SeeInvis .    a - +1 war axe
rCold   . . .      Faith    .    c - +0 buckler
rNeg    . . .      Spirit   .    b - +0 scale mail
rPois   .          Reflect  .    (no helmet)
rElec   .          Harm     .    (no cloak)
rCorr   .          Rampage  .    g - +2 pair of gloves
Will    .....                    (no boots)
Stlth   ..........               (no amulet)
HPRegen 0.33/turn                s - +4 ring of evasion
MPRegen 0.11/turn                (no ring)

@: gold aura
A: no striking features
a: Renounce Religion, Potion Petition, Call Merchant, Bribe Branch


You were on level 5 of the Dungeon.
You worshipped Gozag.
Gozag was aware of your devotion.
You visited 2 branches of the dungeon, and saw 6 of its levels.
You also visited: Ossuary.

You collected 268 gold pieces.
You paid 53 gold pieces to Gozag.

Inventory:

Hand Weapons
 a - a +1 war axe (weapon)
Missiles
 j - 5 poisoned darts (quivered)
 u - a throwing net
Armour
 b - a +0 scale mail (worn)
 c - a +0 buckler (worn)
 g - a +2 pair of gloves (worn)
 v - a +0 helmet
Jewellery
 p - an amulet of faith
 s - a +4 ring of evasion (left hand)
Scrolls
 e - 3 scrolls of identify
 k - a scroll of amnesia
 l - 3 scrolls of immolation
Potions
 d - 3 potions of might
 f - a potion of invisibility {unknown}
 h - a potion of berserk rage {unknown}
 i - 3 potions of curing {unknown}
 m - 3 potions of flight {unknown}
 n - 4 potions of heal wounds
 o - 2 potions of mutation
 q - a potion of lignification {unknown}
 r - 2 potions of cancellation {unknown}
 t - a potion of magic {unknown}


   Skills:
 * Level 11.0 Fighting
 - Level 2.6 Axes
 - Level 3.2 Armour
 - Level 3.2 Shields


You had 7 spell levels left.
You didn't know any spells.
Your spell library contained the following spells:

 Spells                   Type           Power      Damage    Failure   Level
 Apportation              Tloc           0%         N/A       86%         1
 Sublimation of Blood     Necr           0%         N/A       95%         2
 Wereblood                Tmut           0%         N/A       95%         2
 Alistair's Intoxication  Tmut/Pois      0%         N/A       100%        5
 Summon Forest            Summ/Tloc      0%         N/A       100%        5
 Summon Mana Viper        Hex/Summ       0%         N/A       100%        5
 Summon Cactus Giant      Summ           0%         N/A       100%        6
 Summon Hydra             Summ           0%         N/A       100%        7


Dungeon Overview and Level Annotations

Branches:
Dungeon (5/15)             Temple (1/1) D:4         Ossuary (visited)

Altars:
Cheibriados
Dithmenos
Elyvilon
Fedhas
Gozag
Hepliaklqana
Makhleb
Nemelex Xobeh
Okawaru
Qazlal
Ru
Sif Muna
Wu Jian
Yredelemnul
Zin


Message History

(press Y on the ability menu to convert to Beogh)
You slash the orc!
You kill the orc!
You closely miss the orc priest.
The orc priest mumbles some strange prayers to Beogh against you.
Beogh smites you! The orc priest closely misses you.
An ogre comes into view. It is wielding a +0 giant spiked club.
Things that are here:
6 gold pieces; a +0 short sword; a +0 leather armour The ogre shouts!
The orc priest hits you with a +0 club. The orc priest misses you.
You hit the orc priest.
The orc priest is moderately wounded.
The orc priest barely misses you.
You slash the orc priest!
You kill the orc priest!
Your Fighting skill increases to level 11!
You have reached level 8!
The ogre hits you with a +0 giant spiked club!!
Things that are here:
6 gold pieces; a +0 club You hit the ogre.
The ogre is lightly wounded.
A phantom comes into view.
The ogre misses you.
You hit the ogre.
The ogre is moderately wounded.
The ogre hits you with a +0 giant spiked club!!
You hit the ogre.
The ogre is moderately wounded.
You block the ogre's attack.
You slash the ogre!
The ogre is almost dead.
You hit the ogre.
The ogre is almost dead.
The ogre hits you with a +0 giant spiked club!!
You die...
Your body crumbles into a pile of gold.

#.###.## #.#
##.# ###### ##
##.## ......
#..# #. #.#.#
#. ###$# ####
#. ###.##.....
.. #.$.....#
.. #.@.....#
..
#....O.......#
..
#.##...W....<.
. #
#.......#.#
#........#.
#.......##
####.#...#
.#..#.


You could see an ogre and a phantom.

Vanquished Creatures
  A black bear (D:4)
  A sky beast (D:4)
  4 scorpions
  A human zombie (Ossuary)
  An orc priest (D:5)
  2 hounds (D:5)
  4 iguanas
  An orc wizard (D:3)
  4 mummies (Ossuary)
  4 adders
  2 worms (D:2)
  7 orcs
  7 endoplasms
  2 giant cockroaches
  3 gnoll zombies (Ossuary)
  6 goblins
  10 hobgoblins
  4 jackals (D:2)
  4 kobolds
  4 quokkas
  6 ball pythons
  7 bats
  5 frilled lizards
  2 goblin zombies (Ossuary)
  2 orc zombies (Ossuary)
  9 rats
103 creatures vanquished.

Notes
Turn   | Place    | Note
-------+----------+-------------------------------------------
     0 | D:1      | p00ps00p the Hill Orc Fighter began the quest for the Orb.
     0 | D:1      | Reached XP level 1. HP: 19/19 MP: 1/1
   171 | D:1      | Reached skill level 4 in Fighting
   255 | D:1      | Reached XP level 2. HP: 27/27 MP: 2/2
   771 | D:1      | Found a faded altar of an unknown god.
   809 | D:1      | Reached skill level 5 in Fighting
   809 | D:1      | Reached XP level 3. HP: 33/36 MP: 3/3
  1761 | D:2      | Reached XP level 4. HP: 44/44 MP: 4/4
  1864 | D:3      | Reached skill level 6 in Fighting
  2082 | D:3      | Reached XP level 5. HP: 33/51 MP: 5/5
  2401 | D:4      | Reached skill level 7 in Fighting
  2543 | D:4      | Found a sand-covered staircase.
  2553 | D:4      | Reached XP level 6. HP: 51/61 MP: 6/6
  2561 | Ossuary  | Entered an ossuary
  2605 | Ossuary  | Reached skill level 8 in Fighting
  2903 | D:4      | Noticed a black bear
  2913 | D:4      | Killed a black bear
  2914 | D:4      | Reached skill level 9 in Fighting
  3022 | D:4      | Found a staircase to the Ecumenical Temple.
  3031 | D:4      | Reached XP level 7. HP: 68/70 MP: 7/7
  3049 | Temple   | Entered the Ecumenical Temple
  3271 | Temple   | Became a worshipper of Gozag Ym Sagoz the Greedy
  3376 | D:4      | Found a shimmering blue altar of Sif Muna.
  3672 | D:5      | Entered Level 5 of the Dungeon
  3683 | D:5      | Reached skill level 10 in Fighting
  4056 | D:5      | Reached skill level 11 in Fighting
  4056 | D:5      | Reached XP level 8. HP: 65/82 MP: 8/8
  4061 | D:5      | Slain by an ogre

Illustrated notes

Levels and vault maps discovered:
D:1:      ncdulo_smallfort, layout_loops_corners, ebering_ecumenical_altar_hall,
          serial_aquarium, aquarium_bridge_island_small
          [aquarium_subvault_small_water, aquarium_subvault_window,
          aquarium_subvault_wall, aquarium_subvault_bridge,
          aquarium_subvault_bridge], aquarium_bridge_square
          [aquarium_subvault_wall, aquarium_subvault_bridge,
          aquarium_subvault_bridge, aquarium_subvault_window],
          aquarium_window_1, aquarium_window_fake, aquarium_window_fake,
          aquarium_window_corridor_1, aquarium_view_2c, aquarium_balcony_1b
D:2:      layout_basic, kennysheep_generic_room_7
D:3:      cheibrodos_helix_gallery, layout_rooms
D:4:      layout_basic, led_sif_pool, minmay_temple_entry_sparse_star,
          chequers_ossuary_entry_cave
D:5:      layout_loops_ring
Temple:   nicolae_temple_bog_church

Skill      XL: |  1  2  3  4  5  6  7 |
---------------+----------------------+-----
Fighting       | 4 5 6 7 9 11 | 11.0
Axes           | |  2.6
Armour         | |  3.2
Shields        | |  3.2

Action                   |  1- 3 |  4- 6 |  7- 9 || total
-------------------------+-------+-------+-------++-------
Melee: War axe           |   100 |   138 |    66 ||   304
  Use: Scroll            |       |    10 |       ||    10
Armor: Scale mail        |    64 |    72 |    24 ||   160
Dodge: Dodged            |    70 |   103 |    44 ||   217
Block: Buckler           |    27 |    23 |    18 ||    68

Table legend: (Time is in decaauts)
 A = Elapsed time spent in this place.
 B = Non-inter-level travel time spent in this place.
 C = Inter-level travel time spent in this place.
 D = Time resting spent in this place.
 E = Time spent auto-exploring this place.
 F = Levels seen in this place.
 G = Mean time per level.
                   A        B        C        D        E       F      G
               +--------+--------+--------+--------+--------+-----+--------+
         Total |   4195 |   4064 |    131 |     88 |   2664 |   7 |  599.3 |
       Dungeon |   3643 |   3528 |    115 |     65 |   2404 |   5 |  728.6 |
        Temple |    248 |    232 |     16 |      0 |    165 |   1 |  248.0 |
       Ossuary |    303 |    303 |      0 |     23 |     95 |   1 |  303.0 |
               +--------+--------+--------+--------+--------+-----+--------+

Top non-repeatable levels by time:
     D:1: 1051 daAuts
     D:2: 799 daAuts
     D:4: 784 daAuts
     D:3: 602 daAuts
     D:5: 406 daAuts
 Ossuary: 303 daAuts
  Temple: 248 daAuts
